 Dungeon Crawl Stone Soup version 0.30-a0-354-g6b83867211 (webtiles) character file.

Game seed: 8816540789288376629

71071 Hubris850 the Brawler (level 14, 0/107 (114) HPs)
             Began as a Minotaur Gladiator on Nov 4, 2022.
             Was the Champion of Ru.
             Slain by a seven-headed hydra (2 damage)
             ... on level 2 of the Swamp on Nov 7, 2022.
             The game lasted 01:10:25 (20816 turns).

Hubris850 the Brawler (Minotaur Gladiator)         Turns: 20816, Time: 01:10:26

HP:   0/107 (114)   AC: 26    Str: 23    XL:     14   Next: 96%
MP:   7/13          EV: 10    Int:  5    God:    Ru [******]
Gold: 2522          SH: 12    Dex: 16    Spells: 13/13 levels left

rFire   x . .      SeeInvis .      - Unarmed
rCold   x . .      Faith    +    W - +0 kite shield {reflect}
rNeg    + . .      Spirit   .    V - +3 chain mail {rN+}
rPois   +          Reflect  +    x - +0 hat
rElec   .          Harm     .    (no cloak)
rCorr   .          Rampage  .    F - +2 pair of gloves {Dex+3}
Will    +....                    f - +0 pair of boots
Stlth   ..........               P - amulet of faith
HPRegen 0.37/turn                z - +4 ring of slaying
MPRegen 0.13/turn                g - +4 ring of protection

@: exhausted, slowed, drained, unable to drink, very slow
A: horns 2, inability to drink after injury 2, no stealth, hated by all, no ice
magic, no necromancy magic, no transmutations magic, temperature sensitive,
retaliatory headbutt, iridescent scales 2, poison resistance
a: Renounce Religion, Draw Out Power, Power Leap, Apocalypse


You were on level 2 of the Swamp.
You worshipped Ru.
Ru was exalted by your worship.
You visited 4 branches of the dungeon, and saw 19 of its levels.

You collected 2522 gold pieces.

Inventory:

Hand Weapons
 d - a +1 longbow of flaming
 w - the +8 whip "Xyn Cul" {freeze, rF- rC+ rN++ Str+4}
   (You found it on level 3 of the Dungeon)

   It freezes those it strikes, dealing additional cold damage.
   It can also slow down cold-blooded creatures.
   Str:       It affects your strength (+4).
   rF:        It makes you vulnerable to fire.
   rC:        It protects you from cold.
   rN:        It greatly protects you from negative energy.
 H - a +1 shortbow of freezing
Missiles
 c - 3 throwing nets
 t - 3 javelins
 B - 29 poisoned darts (quivered)
 G - a silver boomerang
 O - 4 boomerangs
Armour
 f - a +0 pair of boots (worn)
 p - a +3 buckler
 x - a +0 hat (worn)
 F - a +2 pair of gloves of dexterity (worn)
 V - a +3 chain mail of positive energy (worn)
 W - a +0 kite shield of reflection (worn)
Magical Staves
 r - a staff of fire
Jewellery
 g - a +4 ring of protection (right hand)
 j - the Hermit's Pendant {Faith Invo=14 Evo=0 MP+5}
   (You found it on level 10 of the Dungeon)

   [amulet of faith]

   It sets your invocations skill to 14 and your evocations skill to 0.
   It allows you to gain divine favour quickly.
   MP:        It affects your magic capacity (+5).
 n - a +6 ring of strength
 v - a ring of protection from fire
 y - a ring of see invisible
 z - a +4 ring of slaying (left hand)
 D - a +6 ring of intelligence
 L - a ring of wizardry
 P - an amulet of faith (around neck)
 T - a +6 ring of dexterity
Wands
 k - a wand of quicksilver (12)
 l - a wand of roots (26)
 A - a wand of polymorph (7)
 C - a wand of paralysis (3)
Scrolls
 b - 3 scrolls of immolation
 e - a scroll of teleportation
 h - 3 scrolls of enchant weapon
 u - 3 scrolls of fear
 Q - 6 scrolls of identify
Potions
 i - 2 potions of haste
 m - a potion of invisibility
 o - 8 potions of curing
 q - a potion of might
 s - 3 potions of ambrosia
 E - a potion of brilliance
 I - 2 potions of attraction
 K - 4 potions of lignification
 M - 2 potions of heal wounds
 N - a potion of resistance
 S - a potion of berserk rage
 U - 2 potions of magic
 X - a potion of cancellation
Miscellaneous
 a - a condenser vane
 J - a phial of floods


   Skills:
 - Level 7.8 Fighting
 - Level 10.0 Throwing
 - Level 8.6 Armour
 - Level 6.5 Dodging
 + Level 11.2 Shields
 - Level 20.9 Unarmed Combat
 - Level 6.7 Evocations


You had 13 spell levels left.
You didn't know any spells.
Your spell library contained the following spells:

 Spells                   Type           Power      Damage    Failure   Level
 Blink                    Tloc           0%         N/A       100%        2
 Momentum Strike          Conj/Tloc      0%         3d8       100%        2
 Inner Flame              Hex/Fire       0%         N/A       100%        3
 Kindle Blastsparks       Fire/Tloc/Air  0%         2d10      100%        3
 Lesser Beckoning         Tloc           0%         N/A       100%        3
 Mephitic Cloud           Conj/Pois/Air  0%         N/A       100%        3
 Airstrike                Air            0%         2d(0-16)  100%        4
 Flame Wave               Conj/Fire      0%         2d4       100%        4
 Fulminant Prism          Conj/Hex       0%         3d5       100%        4
 Iskenderun's Mystic Bla  Conj/Tloc      0%         2d3       100%        4
 Leda's Liquefaction      Hex/Erth       0%         N/A       100%        4
 Olgreb's Toxic Radiance  Pois           0%         N/A       100%        4
 Sticky Flame             Conj/Fire      0%         2d3       100%        4
 Arcjolt                  Conj/Air       0%         1d10      100%        5
 Lee's Rapid Deconstruct  Erth           0%         3d4*      100%        5
 Ignition                 Fire           0%         3d3       100%        8
 Ignite Poison            Fire/Tmut/Pois Unusable   N/A       N/A         3
 Freezing Cloud           Conj/Ice/Air   Unusable   6-21      N/A         5
 Statue Form              Tmut/Erth      Unusable   N/A       N/A         6
 Ozocubu's Refrigeration  Ice            Unusable   4d7       N/A         7

Dungeon Overview and Level Annotations

Branches:
Dungeon (10/15)            Temple (1/1) D:5            Lair (5/5) D:8
  Swamp (3/4) Lair:3       Spider (0/4) Lair:3        Slime (0/5) Lair:4
    Orc: D:9-12

Altars:
Cheibriados
Dithmenos
Okawaru
Ru
Sif Muna
Trog
Vehumet
Wu Jian

Shops:
D:10 (

Annotations:
D:9 exclusion: orange crystal statue


Innate Abilities, Weirdness & Mutations

You have a pair of horns on your head.
You sometimes lose the ability to drink potions when taking damage.
You cannot be stealthy.
You are hated by all.
You cannot study or cast Ice magic.
You cannot study or cast Necromancy magic.
You cannot study or cast Transmutations magic.
You are sensitive to extremes of temperature. (rF-, rC-)
You reflexively headbutt those who attack you in melee.
You are mostly covered in iridescent scales. (AC +4)
Your system is resistant to poisons. (rPois)


Message History

The seven-headed hydra closely misses the swamp drake.
The seven-headed hydra barely misses the swamp drake.
The seven-headed hydra misses the swamp drake.
The seven-headed hydra bites the swamp drake!
The swamp drake dies!
The seven-headed hydra bites you but does no damage.
You block the seven-headed hydra's attack.
The seven-headed hydra bites you but does no damage.
The goliath frog hits you but does no damage.
The eight-headed hydra bites you but does no damage. x2
The eight-headed hydra bites you.
The eight-headed hydra barely misses you.
The eight-headed hydra bites you but does no damage.
The eight-headed hydra closely misses you.
The eight-headed hydra bites you but does no damage. x2
You climb upwards.
There is a stone staircase leading down, spattered with blood here.
You punch the seven-headed hydra!
The seven-headed hydra is almost dead.
You can drink potions again.
You block the seven-headed hydra's attack.
The seven-headed hydra completely misses you.
The seven-headed hydra bites you. The seven-headed hydra bites you!
* * * LOW HITPOINT WARNING * * *
The seven-headed hydra bites you.
* * * LOW HITPOINT WARNING * * *
You block the seven-headed hydra's attack.
The seven-headed hydra bites you!
You feel threatened and lose the ability to drink potions!
* * * LOW HITPOINT WARNING * * *
The eight-headed hydra bites you but does no damage.
You block the eight-headed hydra's attack.
The eight-headed hydra bites you but does no damage. x2
The eight-headed hydra barely misses you.
You block the eight-headed hydra's attack.
The eight-headed hydra bites you!
* * * LOW HITPOINT WARNING * * *
The eight-headed hydra bites you but does no damage.
The seven-headed hydra bites you.
You die...

♣♣...~..~~~§~......~♣♣♣♣ ♣♣
♣♣♣~~~.~§....~..~~..♣♣~ .♣♣
♣♣♣~......♣♣~♣♣♣.~~~~.~♣
~~♣♣♣♣♣♣♣♣...~~~~.♣~.~♣♣♣..~~~.♣♣
§.~....~♣.~~~~~~~~....♣♣...~~~~♣
♣~..~~....§~~~~~§~....♣♣.......♣♣
♣♣~~~~.~~~.♣.~~~§~..~.♣~..♣♣~~♣♣~
..~....~~[.♣..~D♣♣♣...♣♣<.~.~.♣~~
~~.~~~~~~[....~D@.....♣~÷~.~~.~.~
.~.~~~~~~~>♣.~...~§~~...)~.~~..~~
....~~~~~~♣♣♣♣♣♣~~~~~...÷~....~~~
♣.......~.♣♣♣♣ ♣..~~~~§§~~.~.~~~~
♣♣>...~...♣♣~♣♣♣~.~~~§~~~~..~~~~~
♣♣§~♣♣♣♣..♣~..♣♣...~~~~~~~~~.~~~§
~~♣♣♣ ♣♣♣♣♣..♣♣~.~~~~~~~~...<..~
..~~♣♣ ♣♣.~~~~♣♣♣.~~§~~..♣~..~~~~
...~~♣♣♣.~~~~~~♣♣~~~~~~.♣♣♣.~~~~.


You could see an eight-headed hydra and a seven-headed hydra.

Vanquished Creatures
  Donald (Swamp:2)
  A thorn hunter (Swamp:2)
  A fenstrider witch (Swamp:1)
  An eleionoma (Swamp:2)
  Nessos (Lair:5)
  3 bunyips
  A fire dragon (Lair:5)
  13 hydras
  A ghost crab (Swamp:2)
  A catoblepas (Lair:4)
  A boulder beetle (Lair:3)
  An alligator (Swamp:1)
  3 death yaks (Lair:5)
  4 goliath frogs
  A swamp dragon (Lair:5)
  4 spriggan druids
  3 bog bodies
  2 lindwurms (Lair:5)
  An orc sorcerer (Swamp:1)
  A will-o-the-wisp (Swamp:1)
  21 elephants
  4 black mambas
  2 torpor snails
  9 cane toads
  A kobold demonologist (D:9)
  An unseen horror (D:9)
  6 rime drakes
  7 komodo dragons
  A queen bee (D:10)
  2 trolls (D:10)
  7 polar bears
  3 hornets (Swamp:2)
  4 tyrant leeches
  33 blink frogs
  11 dream sheep
  Sigmund (D:3)
  4 wyverns
  30 yaks
  5 spriggans (Swamp:2)
  6 basilisks
  Grum (D:10)
  2 vampire mosquitoes (D:10)
  3 steam dragons
  Edmund (D:5)
  10 swamp worms
  2 acid dragons (Lair:5)
  11 water moccasins
  The ghost of MrSquiggles the Gusty, an amateur OpAE (D:4)
  Duvessa (D:7)
  2 swamp drakes
  5 orc warriors
  A black bear (D:4)
  2 ice beasts (D:7)
  14 wolves
  3 ogres
  4 centaurs
  A phantom (D:4)
  2 kobold brigands (D:9)
  7 bullfrogs
  A gnoll sergeant (D:5)
  2 scorpions
  3 wights (D:8)
  Dowan (D:7)
  30 killer bees
  A howler monkey (D:6)
  3 hounds
  5 orc priests
  2 jellies
  7 orc wizards
  10 iguanas
  13 hell rats
  3 gnolls (D:5)
  6 adders
  A shadow imp (D:6)
  3 white imps
  An ufetubus (D:5)
  2 worms (D:2)
  5 dart slugs
  41 orcs
  5 endoplasms
  A giant cockroach (D:3)
  11 goblins
  4 hobgoblins
  4 quokkas
  3 ball pythons
  6 bats
  3 frilled lizards
  15 kobolds
  7 rats
475 creatures vanquished.

Vanquished Creatures (others)
  A goliath frog (Swamp:2)
  A lindwurm (Lair:5)
  A black mamba (Lair:5)
  A tyrant leech (Lair:3)
  A yak (Lair:2)
  A swamp worm (Swamp:1)
  A swamp drake (Swamp:3)
  A centaur (D:10)
  A kobold (D:9)
  5 briar patches (Swamp:2)
  4 foxfires (Swamp:1)
  34 fungi
  37 plants
89 creatures vanquished.

Grand Total: 564 creatures vanquished

Notes
Turn   | Place    | Note
-------+----------+-------------------------------------------
     0 | D:1      | Hubris850 the Minotaur Gladiator began the quest for the
                  | Orb.
     0 | D:1      | Reached XP level 1. HP: 18/18 MP: 0/0
   191 | D:1      | Reached XP level 2. HP: 23/25 MP: 1/1
  1146 | D:2      | Reached skill level 1 in Armour
  1256 | D:2      | Reached skill level 4 in Unarmed Combat
  1288 | D:2      | Reached XP level 3. HP: 30/30 MP: 2/2
  1996 | D:3      | Identified the +8 whip "Xyn Cul" {freeze, rF- rC+ rN++
                  | Str+4}
  2073 | D:3      | Noticed Sigmund
  2086 | D:3      | Killed Sigmund
  2087 | D:3      | Reached skill level 5 in Unarmed Combat
  2087 | D:3      | Reached XP level 4. HP: 37/37 MP: 3/3
  2087 | D:3      | Reached XP level 5. HP: 42/42 MP: 4/4
  2535 | D:4      | Found a shadowy altar of Dithmenos.
  2541 | D:4      | Noticed a black bear
  2547 | D:4      | Killed a black bear
  2548 | D:4      | Reached XP level 6. HP: 37/50 MP: 5/5
  2759 | D:4      | Reached skill level 6 in Unarmed Combat
  2832 | D:4      | Reached XP level 7. HP: 45/56 MP: 6/6
  3118 | D:4      | Found a large runed translucent door.
  3118 | D:4      | Found a large runed translucent door.
  3124 | D:4      | Noticed MrSquiggles's ghost (amateur OpAE)
  3416 | D:4      | Killed MrSquiggles's ghost
  3433 | D:4      | Gained mutation: You have sharp fingernails. [potion of
                  | mutation]
  3433 | D:4      | Gained mutation: You occasionally lose the ability to drink
                  | potions when taking damage. [potion of mutation]
  3434 | D:4      | Lost mutation: You occasionally lose the ability to drink
                  | potions when taking damage. [potion of mutation]
  3434 | D:4      | Lost mutation: You have sharp fingernails. [potion of
                  | mutation]
  3434 | D:4      | Gained mutation: You are partially covered in iridescent
                  | scales. (AC +2) [potion of mutation]
  3434 | D:4      | Gained mutation: Your system is resistant to poisons.
                  | (rPois) [potion of mutation]
  3434 | D:4      | Gained mutation: You are mostly covered in iridescent
                  | scales. (AC +4) [potion of mutation]
  3534 | D:5      | Entered Level 5 of the Dungeon
  3566 | D:5      | Found a staircase to the Ecumenical Temple.
  3590 | Temple   | Entered the Ecumenical Temple
  3784 | Temple   | Became a worshipper of Ru the Awakened
  4226 | D:5      | Noticed a wraith
  4256 | D:5      | Reached skill level 7 in Unarmed Combat
  4433 | D:5      | Noticed Edmund
  4440 | D:5      | Killed Edmund
  4661 | D:6      | Reached XP level 8. HP: 62/62 MP: 7/7
  4700 | D:6      | Reached skill level 5 in Throwing
  4700 | D:6      | Reached skill level 8 in Unarmed Combat
  5189 | D:6      | Reached skill level 9 in Unarmed Combat
  5320 | D:7      | Noticed Duvessa
  5327 | D:7      | Noticed Dowan
  5330 | D:7      | Killed Duvessa
  5336 | D:7      | Killed Dowan
  5442 | D:7      | Reached skill level 10 in Unarmed Combat
  5659 | D:7      | Reached XP level 9. HP: 68/68 MP: 8/8
  6003 | D:8      | Gained mutation: You are hated by all. [Ru sacrifice]
  6003 | D:8      | Reached * piety under Ru
  6003 | D:8      | Reached ** piety under Ru
  6133 | D:8      | Reached skill level 11 in Unarmed Combat
  6355 | D:8      | Found a staircase to the Lair.
  6682 | D:9      | Noticed a kobold demonologist
  6695 | D:9      | Killed a kobold demonologist
  6706 | D:9      | Reached skill level 12 in Unarmed Combat
  6875 | D:9      | Noticed an orange crystal statue
  6908 | D:9      | Noticed an unseen horror
  6914 | D:9      | Killed an unseen horror
  6995 | D:9      | Reached XP level 10. HP: 53/74 MP: 9/9
  7270 | D:9      | Reached skill level 1 in Evocations
  8075 | D:10     | Entered Level 10 of the Dungeon
  8251 | D:10     | Reached skill level 13 in Unarmed Combat
  8285 | D:10     | Noticed Grum
  8292 | D:10     | Reached skill level 5 in Armour
  8292 | D:10     | Reached skill level 5 in Shields
  8299 | D:10     | Killed Grum
  8475 | D:10     | Reached XP level 11. HP: 20/85 MP: 10/10
  8484 | D:10     | Reached skill level 5 in Fighting
  8488 | D:10     | HP: 4/86 [poisoned by a killer bee]
  8856 | D:10     | Found the Hermit's Pendant {Faith Invo=14 Evo=0 MP+5}
  8863 | D:10     | Gained mutation: You are sensitive to extremes of
                  | temperature. (rF-, rC-) [Ru sacrifice]
  8863 | D:10     | Reached *** piety under Ru
  9213 | D:10     | Found Fucioczy's Antique Weapon Emporium.
  9693 | Lair:1   | Entered Level 1 of the Lair of Beasts
  9871 | D:8      | Reached skill level 14 in Unarmed Combat
 10548 | Lair:1   | Identified the +1 leather armour of the Frog {Str+4}
 10682 | Lair:1   | Reached skill level 15 in Unarmed Combat
 11675 | Lair:2   | Reached XP level 12. HP: 70/93 MP: 11/11
 11929 | Lair:2   | Reached skill level 5 in Evocations
 12271 | Lair:2   | Reached skill level 5 in Dodging
 12324 | Lair:2   | Noticed a six-headed hydra
 12340 | Lair:2   | Killed a six-headed hydra
 12344 | Lair:2   | Gained mutation: You cannot study or cast Ice magic. [Ru
                  | sacrifice]
 12344 | Lair:2   | Gained mutation: You cannot study or cast Transmutations
                  | magic. [Ru sacrifice]
 12344 | Lair:2   | Gained mutation: You cannot study or cast Necromancy magic.
                  | [Ru sacrifice]
 12344 | Lair:2   | Reached **** piety under Ru
 12344 | Lair:2   | Reached ***** piety under Ru
 13227 | Lair:3   | You fall into a shaft and drop 1 floor!
 13258 | Lair:4   | Noticed a catoblepas
 13286 | Lair:4   | Killed a catoblepas
 13853 | Lair:4   | Identified a scroll of acquirement
 13853 | Lair:4   | Acquired 679 gold pieces
 13904 | Lair:4   | Reached XP level 13. HP: 99/107 MP: 12/12
 14187 | Lair:4   | Found a staircase to the Slime Pits.
 14247 | Lair:5   | Entered Level 5 of the Lair of Beasts
 14539 | Lair:5   | Reached skill level 16 in Unarmed Combat
 14772 | Lair:5   | Gained mutation: You cannot be stealthy. [Ru sacrifice]
 15092 | Lair:5   | Reached skill level 17 in Unarmed Combat
 15345 | Lair:5   | Noticed a fire dragon
 15359 | Lair:5   | Killed a fire dragon
 15551 | Lair:5   | Noticed Nessos
 15561 | Lair:5   | Killed Nessos
 15899 | Lair:5   | Reached skill level 18 in Unarmed Combat
 16478 | Lair:5   | Reached skill level 19 in Unarmed Combat
 16489 | Lair:5   | Reached XP level 14. HP: 112/112 MP: 13/13
 16894 | Lair:3   | Identified the +5 battleaxe of Callousness {vorpal, Str+2}
 17017 | Lair:3   | Found a hole to the Spider Nest.
 17333 | Lair:3   | Found a staircase to the Swamp.
 17662 | Swamp:1  | Entered Level 1 of the Swamp
 18169 | Swamp:1  | Found a bloodstained altar of Trog.
 18182 | Swamp:1  | Reached skill level 20 in Unarmed Combat
 18445 | Swamp:1  | Noticed a fenstrider witch
 18554 | Swamp:1  | Paralysed by a fenstrider witch for 4 turns
 18561 | Swamp:1  | Paralysed by a fenstrider witch for 3 turns
 18568 | Swamp:1  | Killed a fenstrider witch
 19239 | Swamp:2  | Upgraded the game from 0.30-a0-341-g682706514a to
                  | 0.30-a0-354-g6b83867211
 19329 | Swamp:2  | Got the Guidebook on Air
 19581 | Swamp:2  | Noticed Donald
 19595 | Swamp:2  | Killed Donald
 19597 | Swamp:2  | Reached skill level 10 in Throwing
 20010 | Swamp:2  | Noticed a thorn hunter
 20039 | Swamp:2  | Killed a thorn hunter
 20387 | Swamp:2  | Reached skill level 10 in Shields
 20406 | Swamp:2  | Gained mutation: You occasionally lose the ability to drink
                  | potions when taking damage. [Ru sacrifice]
 20406 | Swamp:2  | Gained mutation: You sometimes lose the ability to drink
                  | potions when taking damage. [Ru sacrifice]
 20406 | Swamp:2  | Reached ****** piety under Ru
 20816 | Swamp:2  | HP: 2/107 [eight-headed hydra (11)]
 20816 | Swamp:2  | Slain by a seven-headed hydra

Illustrated notes

Levels and vault maps discovered:
D:1:      onia_arrival_handbag, layout_basic, fountainhead
D:2:      layout_basic
D:3:      layout_rooms, kennysheep_flooded_box, nicolae_elevator_lobby_plus,
          uniq_sigmund
D:4:      layout_basic, nicolae_dithmenos_shadow_blocks,
          ebering_ghost_disaster_area
D:5:      layout_basic, temple_pool_b, grunt_ministairs_15,
          lightli_corner_chamber, uniq_edmund
D:6:      layout_rooms
D:7:      layout_cave_pools, uniq_duvessa
D:8:      layout_rooms, lair_entry_dummy
D:9:      layout_stronghold, minivault_16
D:10:     layout_basic, special_room [special_room_bee], serial_shops, shop,
          uniq_grum
Temple:   mainiacjoe_temple_trianglar_array
Lair:1:   layout_hall_layers, infiniplex_staircase_pool_2, lemuel_fruit_fields
Lair:2:   layout_regular_city, minmay_lindwurm_lava
Lair:3:   layout_regular_city, minmay_swamp_entry_worms,
          spider_nest_entry_web_field, infiniplex_staircase_pool
Lair:4:   layout_concentric_octagons, dpeg_slime_entry_corner
Lair:5:   hangedman_lair_in_review, layout_long_grid, guppyfry_lair_end_dragon,
          uniq_nessos
Swamp:1:  layout_basic_swamp, lemuel_altar_in_water, swamp_pool2,
          grunt_hermit_hut
Swamp:2:  layout_basic_swamp, nicolae_swamp_round_clearing, uniq_donald
Swamp:3:  layout_basic_swamp, hangedman_swamp_ruin_wall, swamp_pool2,
          st_swamp_ruins_2

Skill      XL: |  1  2  3  4  5  6  7  8  9 10 11 12 13 14 |
---------------+-------------------------------------------+-----
Armour         | 1 2 3 4 5 6 8 |  8.6
Unarmed Combat | 4 5 6 7 10 12 13 15 19 20 | 20.9
Throwing       | 3 4 6 8 9 10 | 10.0
Shields        | 2 3 4 5 6 8 11 | 11.2
Fighting       | 4 6 7 |  7.8
Evocations     | 3 4 6 |  6.7
Dodging        | 4 6 |  6.5

Action                   |  1- 3 |  4- 6 |  7- 9 | 10-12 | 13-15 || total
-------------------------+-------+-------+-------+-------+-------++-------
Melee: Unarmed           |    77 |       |    68 |   660 |   565 ||  1370
       Headbutt          |    15 |     6 |    41 |   155 |   144 ||   361
       Punch             |     1 |       |       |       |       ||     1
       Whip              |    11 |    40 |   161 |       |       ||   212
Throw: Dart              |       |     3 |    13 |    11 |    61 ||    88
       Javelin           |       |       |       |     4 |    17 ||    21
       Boomerang         |       |       |       |       |     7 ||     7
Invok: Sacrifice Love    |       |       |     1 |       |       ||     1
       Draw Out Power    |       |       |       |     2 |     3 ||     5
       Sacrifice Resista |       |       |       |     1 |       ||     1
       Sacrifice Arcana  |       |       |       |     1 |       ||     1
       Apocalypse        |       |       |       |       |     3 ||     3
       Sacrifice Stealth |       |       |       |       |     1 ||     1
       Sacrifice Drink   |       |       |       |       |     1 ||     1
       Reject Sacrifices |       |       |       |       |     1 ||     1
Evoke: Wand              |       |       |       |     2 |     8 ||    10
       Condenser vane    |       |       |       |       |     2 ||     2
  Use: Scroll            |       |       |    11 |    10 |     5 ||    26
       Potion            |       |       |     5 |     6 |     4 ||    15
 Stab: Distracted        |       |       |     1 |     6 |     5 ||    12
       Invisible         |       |       |       |     3 |     5 ||     8
       Petrified         |       |       |       |     1 |       ||     1
       Paralysed         |       |       |       |       |     6 ||     6
Armor: Chain mail        |    33 |    12 |   109 |   278 |   233 ||   665
       Leather armour    |     3 |       |       |       |       ||     3
Dodge: Dodged            |    24 |    12 |    94 |   222 |   200 ||   552
Block: Buckler           |     9 |    16 |    94 |   219 |   165 ||   503
       Kite shield       |       |       |       |       |    48 ||    48

Table legend: (Time is in decaauts)
 A = Elapsed time spent in this place.
 B = Non-inter-level travel time spent in this place.
 C = Inter-level travel time spent in this place.
 D = Time resting spent in this place.
 E = Time spent auto-exploring this place.
 F = Levels seen in this place.
 G = Mean time per level.
                   A        B        C        D        E       F      G
               +--------+--------+--------+--------+--------+-----+--------+
         Total |  20625 |  19876 |    749 |   4635 |  11642 |  19 | 1085.5 |
       Dungeon |   9913 |   9508 |    405 |   1236 |   6615 |  10 |  991.3 |
        Temple |    263 |    194 |     69 |      0 |    188 |   1 |  263.0 |
          Lair |   7439 |   7211 |    228 |   1734 |   4061 |   5 | 1487.8 |
         Swamp |   3007 |   2961 |     46 |   1664 |    777 |   3 | 1002.3 |
               +--------+--------+--------+--------+--------+-----+--------+

Top non-repeatable levels by time:
  Lair:5: 2384 daAuts
 Swamp:2: 1598 daAuts
    D:10: 1541 daAuts
     D:9: 1478 daAuts
  Lair:2: 1443 daAuts
  Lair:3: 1400 daAuts
 Swamp:1: 1386 daAuts
  Lair:1: 1182 daAuts
     D:8: 1155 daAuts
     D:4: 1129 daAuts
  Lair:4: 1029 daAuts
     D:2: 1011 daAuts
     D:1: 969 daAuts
     D:5: 866 daAuts
     D:7: 698 daAuts
